 Dungeon Crawl Stone Soup version 0.29-a0-82-g837932c90e (webtiles) character file.

Game seed: 1549892513475626402

515 testman the Shooter (level 7, -2/51 HPs)
             Began as a Djinni Wanderer on Feb 4, 2022.
             Was an Initiate of Okawaru.
             Slain by a water moccasin (3 damage)
             ... on level 4 of the Dungeon.
             The game lasted 00:15:33 (3971 turns).

testman the Shooter (Djinni Wanderer)               Turns: 3971, Time: 00:15:34

Health: -2/51      AC:  5    Str: 13    XL:     7   Next: 44%
Gold:   153        EV: 11    Int: 14    God:    Okawaru [......] SH:  0 Dex: 12

rFire   + + .      SeeInvis .   t - +1 rapier (flame)
rCold   x . .      Faith    .   (no shield)
rNeg    . . .      Spirit   .   d - +0 leather armour
rPois   ∞          Reflect  .   c - +0 helmet
rElec   .          Harm     .   (no cloak)
rCorr   .          Rampage  .   f - +0 pair of gloves
Will    .....                   (boots unavailable)
Stlth   +.........              (no amulet)
HPRegen 0.17/turn               (no ring)
MPRegen 0.00/turn               (no ring)

@: flying
A: sickness immunity, fire resistance 2, cold vulnerability 1, float, innate
caster, HP casting, extra vitality 1
a: Renounce Religion


You were on level 4 of the Dungeon.
You worshipped Okawaru.
Okawaru was noncommittal.
You visited 2 branches of the dungeon, and saw 5 of its levels.

You collected 153 gold pieces.

Inventory:

Hand Weapons
 a - a +2 shortbow
 g - a +0 short sword
 t - a +1 rapier of flaming (weapon)
Missiles
 b - 49 arrows
Armour
 c - a +0 helmet (worn)
 d - a +0 leather armour (worn)
 f - a +0 pair of gloves (worn)
Jewellery
 s - a +6 ring of dexterity
Wands
 l - a wand of polymorph (7)
 w - a wand of paralysis (10)
Scrolls
 i - a scroll of fog {unknown}
 j - a scroll of teleportation {unknown}
 m - 5 scrolls of identify {unknown}
 n - a scroll of enchant armour {unknown}
 p - a scroll of brand weapon {unknown}
 q - a scroll of blinking {unknown}
 v - a scroll of immolation {unknown}
 x - a scroll of acquirement {unknown}
Potions
 e - 2 potions of invisibility {unknown}
 h - a potion of degeneration {unknown}
 k - 3 potions of lignification {unknown}
 o - 2 potions of attraction {unknown}
 r - a potion of cancellation {unknown}
 u - 2 potions of flight {unknown}
 z - a potion of curing


   Skills:
 + Level 3.8 Fighting
 + Level 1.3 Short Blades
 + Level 4.6 Bows
 - Level 1.0 Throwing
 - Level 1.1 Dodging
 - Level 1.0 Stealth
 + Level 3.0 Spellcasting
 + Level 2.3 Invocations


You had 6 spell levels left.
You knew the following spells:

 Your Spells              Type           Power      Damage    Failure   Level
a - Animate Skeleton      Necr           20%        N/A       8%          1
b - Static Discharge      Conj/Air       10%        N/A       12%         2
c - Call Canine Familiar  Summ           10%        N/A       24%         3
Your spell library was empty.

Dungeon Overview and Level Annotations

Branches:
Dungeon (4/15)             Temple (1/1) D:4

Altars:
Cheibriados
Elyvilon
Gozag
Hepliaklqana
Kikubaaqudgha
Makhleb
Nemelex Xobeh
Okawaru
Qazlal
Trog
Wu Jian
Yredelemnul
Zin


Innate Abilities, Weirdness & Mutations

You are immune to sickness and miasma.
You are immune to poison.
Your flesh is very heat resistant. (rF++)
You are vulnerable to cold. (rC-)
You float through the air rather than walking.
You learn spells naturally, not from books.
Your magical power is your life essence.
You have superior vitality. (+4 MHP)


Message History

The water moccasin misses you. The water moccasin closely misses you.
You hit the water moccasin but do no damage.
The water moccasin is moderately wounded.
The water moccasin misses you.
You barely miss the water moccasin.
The water moccasin is moderately wounded.
The water moccasin bites you. x2
You hit the water moccasin. You burn the water moccasin.
The water moccasin is heavily wounded.
The water moccasin bites you but does no damage.
The water moccasin bites you.
You closely miss the water moccasin.
The water moccasin is heavily wounded.
The water moccasin bites you.
You barely miss the water moccasin.
The water moccasin is heavily wounded.
The water moccasin closely misses you. The water moccasin bites you.
* * * LOW HITPOINT WARNING * * *
You hit the water moccasin. You burn the water moccasin.
The water moccasin is heavily wounded.
The water moccasin bites you.
* * * LOW HITPOINT WARNING * * *
You barely miss the water moccasin.
The water moccasin is heavily wounded.
The water moccasin bites you.
* * * LOW HITPOINT WARNING * * *
The water moccasin barely misses you.
You barely miss the water moccasin. You punch the water moccasin.
The water moccasin is severely wounded.
The water moccasin bites you.
* * * LOW HITPOINT WARNING * * *
You hit the water moccasin. You burn the water moccasin.
Your punch misses the water moccasin.
The water moccasin is almost dead.
The water moccasin bites you but does no damage.
The water moccasin barely misses you.
You miss the water moccasin.
The water moccasin is almost dead.
The water moccasin bites you.
You die...

▓▓▓▓▓▓▓###▓▓▓▓▓▓▓#..........
▓⌠...⌠▓§©§▓⌠.©.⌠▓#..........
▓..}(.▓._.▓.)...▓#..........
▓..8..▓...▓.....▓#..........
▓.)[..▓...▓.....▓#S.........
▓⌠...⌠▓...▓⌠.©.⌠▓#..........
▓▓▓▓▓▓▓...▓▓▓▓▓▓▓#.#########
##'#########.# #...@S......#
#############


You could see a water moccasin.

Vanquished Creatures
  Sigmund (D:2)
  A necrophage (D:3)
  A centaur (D:4)
  A howler monkey (D:4)
  A hound (D:4)
  An orc wizard (D:3)
  3 adders (D:2)
  A worm (D:3)
  2 dart slugs
  3 orcs (D:3)
  6 ball pythons
  8 bats
  5 endoplasms
  A giant cockroach (D:2)
  8 goblins
  4 hobgoblins
  3 jackals (D:4)
  3 quokkas
  3 frilled lizards
  4 kobolds
  6 rats
  A spectral kobold (D:1)
67 creatures vanquished.

Notes
Turn   | Place    | Note
-------+----------+-------------------------------------------
     0 | D:1      | testman the Djinni Wanderer began the quest for the Orb.
     0 | D:1      | Reached XP level 1. HP: 17/17 MP: 0/0
    46 | D:1      | Found a faded altar of an unknown god.
    57 | D:1      | Prayed at the altar of an unknown god.
    57 | D:1      | Became a worshipper of Elyvilon the Healer
    57 | D:1      | Reached * piety under Elyvilon
   276 | D:1      | Reached XP level 2. HP: 22/22 MP: 0/0
   467 | D:1      | Reached ** piety under Elyvilon
   974 | D:2      | Reached XP level 3. HP: 28/28 MP: 0/0
   974 | D:2      | Learned a level 1 spell: Animate Skeleton
  1015 | D:2      | Noticed Sigmund
  1031 | D:2      | Killed Sigmund
  1032 | D:2      | Reached skill level 4 in Bows
  1032 | D:2      | Reached XP level 4. HP: 18/35 MP: 0/0
  1032 | D:2      | Reached XP level 5. HP: 20/40 MP: 0/0
  1032 | D:2      | Learned a level 2 spell: Static Discharge
  1512 | D:2      | Reached XP level 6. HP: 40/46 MP: 0/0
  2102 | D:3      | Reached *** piety under Elyvilon
  2358 | D:3      | Noticed a necrophage
  2369 | D:3      | Killed a necrophage
  3113 | D:4      | Noticed a black bear
  3116 | D:4      | Noticed a water moccasin
  3150 | D:4      | Reached **** piety under Elyvilon
  3303 | D:4      | Found a staircase to the Ecumenical Temple.
  3324 | Temple   | Entered the Ecumenical Temple
  3532 | Temple   | Fell from the grace of Elyvilon
  3532 | Temple   | Became a worshipper of Warmaster Okawaru
  3591 | D:4      | Reached XP level 7. HP: 37/50 MP: 0/0
  3591 | D:4      | Learned a level 3 spell: Call Canine Familiar
  3725 | D:4      | Found a sparkling altar of Nemelex Xobeh.
  3725 | D:4      | Found a transporter.
  3742 | D:4      | Reached skill level 1 in Short Blades
  3969 | D:4      | HP: 1/51 [water moccasin (5)]
  3971 | D:4      | Slain by a water moccasin

Illustrated notes

Levels and vault maps discovered:
D:1:      nicolae_arrival_memento_mori, layout_basic,
          dreamdust_ecumenical_altar_drowned_temple
D:2:      layout_loops_cross, grunt_ministairs_12, minmay_pentomino_pile,
          uniq_sigmund
D:3:      layout_loops_ring
D:4:      layout_basic, grunt_nemelex_the_gamble,
          minmay_temple_entry_purple_smoke, kennysheep_nub
Temple:   jpeg_temple_clearing

Skill      XL: |  1  2  3  4  5  6  7 |
---------------+----------------------+-----
Fighting       | 3 |  3.8
Bows           | 4 |  4.6
Spellcasting   | 2 3 |  3.0
Short Blades   | 1 |  1.3
Invocations    | 2 |  2.3
Throwing       | |  1.0
Dodging        | |  1.1
Stealth        | |  1.0

Action                   |  1- 3 |  4- 6 |  7- 9 || total
-------------------------+-------+-------+-------++-------
Melee: Short sword       |    27 |    94 |       ||   121
       Punch             |     2 |       |     1 ||     3
       Rapier            |       |    85 |    21 ||   106
 Fire: Shortbow          |    21 |    13 |       ||    34
 Cast: Static Discharge  |       |     7 |     3 ||    10
 Stab: Sleeping          |     2 |     3 |       ||     5
Armor: Leather armour    |     7 |    76 |     7 ||    90
Dodge: Dodged            |    20 |   125 |    24 ||   169

Table legend: (Time is in decaauts)
 A = Elapsed time spent in this place.
 B = Non-inter-level travel time spent in this place.
 C = Inter-level travel time spent in this place.
 D = Time resting spent in this place.
 E = Time spent auto-exploring this place.
 F = Levels seen in this place.
 G = Mean time per level.
                   A        B        C        D        E       F      G
               +--------+--------+--------+--------+--------+-----+--------+
         Total |   4000 |   3858 |    142 |    593 |   2534 |   5 |  800.0 |
       Dungeon |   3782 |   3648 |    134 |    593 |   2360 |   4 |  945.5 |
        Temple |    217 |    209 |      8 |      0 |    174 |   1 |  217.0 |
               +--------+--------+--------+--------+--------+-----+--------+

Top non-repeatable levels by time:
     D:2: 1156 daAuts
     D:3: 1150 daAuts
     D:1: 885 daAuts
     D:4: 591 daAuts
  Temple: 217 daAuts
